 Dungeon Sprint DCSS version 0.32-a0-450-g080537f31e (webtiles) character file.

Game seed: 8306753144623296096

6 adelrune the Covered (level 2, 0/22 HPs)
             Began as a Formicid Warper on Feb 23, 2024.
             Was an Initiate of Jiyva.
             Killed by nerve-wracking pain
             ... invoked by a shadow imp
              (3 damage)
             ... in the Dungeon (Sprint V: "Ziggurat Sprint").
             The game lasted 00:01:33 (91 turns).

adelrune the Covered (Formicid Warper)                Turns: 91, Time: 00:01:33

Health: 0/22       AC: 15    Str: 15    XL:     2   Next: 0%
Magic:  5/5        EV:  2    Int: 12    God:    Jiyva [......]
Gold:   0          SH: 25    Dex: 13    Spells: 5/5 levels left

rFire   + + .        z - +16 obsidian axe {drain, demonic, Mesm ^Drain Fly SInv}
rCold   x . .        A - +18 shield of the Gong {Loud rN+ Will+ rCorr EV-5}
rNeg    + . .        B - +5 fire dragon scales
rPois   .            (helmet unavailable)
rElec   .            (no cloak)
rCorr   +            (no gloves)
SInv    +            (no boots)
Will    +....        (no amulet) Stlth
                     (no ring)
HPRegen 0.23/turn    (no ring)
MPRegen 0.09/turn

%: no passive effects
@: flying, mesmerised
A: permanent stasis, dig shafts and tunnels, antennae 3, four strong arms
a: Dig, Renounce Religion


You were in the Dungeon.
You worshipped Jiyva.
Jiyva was noncommittal.
You visited 1 branch

Inventory:

Hand Weapons
 a - a +0 hand axe
 z - the +16 obsidian axe (weapon) {drain, demonic, Mesm ^Drain Fly SInv}
   (You found it in the Dungeon)

   Mesm:      Its wielder is mesmerised by any visible foes, and it cannot be
   unequipped while any foes are visible.
   SInv:      It lets you see invisible.
   Fly:       It grants you flight.
   ^Drain:    It drains your maximum health when unequipped.
Missiles
 c - 7 darts of dispersal (quivered)
Armour
 b - a +0 leather armour
 A - the +18 shield of the Gong (worn) {Loud rN+ Will+ rCorr EV-5}
   (You found it in the Dungeon)

   Loud:      It is deafeningly noisy when blocking attacks.
   EV-5:      It affects your evasion (-5).
   rN+:       It protects you from negative energy.
   Will+:     It increases your willpower.
   rCorr:     It protects you from acid and corrosion.
 B - +5 fire dragon scales (worn)
Jewellery
 s - a ring of flight
 t - a +6 ring of dexterity
 u - a +6 ring of dexterity
 v - a +6 ring of intelligence
 w - a +6 ring of intelligence
 x - a +6 ring of strength
 y - a +6 ring of strength
Wands
 p - a wand of mindburst (7)
 q - a wand of iceblast (7)
 r - a wand of quicksilver (7)
Scrolls
 g - 4 scrolls of amnesia
 h - 7 scrolls of fog
 i - 5 scrolls of identify
 j - 2 scrolls of fear
Potions
 d - 10 potions of curing
 e - 10 potions of heal wounds
 f - 7 potions of magic
 k - 2 potions of brilliance
 l - 2 potions of invisibility
 m - 4 potions of resistance
 o - 5 potions of might


   Skills:
 + Level 2.1 Fighting
 + Level 2.0 Axes
 + Level 1.0 Throwing
 + Level 5.7 Armour
 + Level 1.7 Dodging
 + Level 2.1 Spellcasting
 + Level 5.5 Translocations


You had 5 spell levels left.
You didn't know any spells.
Your spell library contained the following spells:

 Spells                   Type           Power      Damage    Failure   Level
 Lesser Beckoning         Tloc           28%        N/A       56%         2
 Teleport Other           Tloc           14%        N/A       80%         3
 Manifold Assault         Tloc           14%        N/A       99%         4
 Blink                    Tloc           Unusable   N/A       N/A         2
 Vhi's Electric Charge    Tloc/Air       Unusable   N/A       N/A         4

Dungeon Overview and Level Annotations

Branches:
Dungeon (1/1)

Altars:
Ashenzari
Cheibriados
Dithmenos
Elyvilon
Fedhas
Gozag
Hepliaklqana
Kikubaaqudgha
Makhleb
Nemelex Xobeh
Okawaru
Qazlal
Ru
Sif Muna
Trog
Uskayaw
Vehumet
Wu Jian
Xom
Yredelemnul
Zin
The Shining One
Beogh
Jiyva
Lugonu

Annotations:
D 1 transporter


Innate Abilities, Weirdness & Mutations

You cannot be hasted, slowed, berserked, paralysed or teleported.
You can dig through walls and to a lower floor.
You have a pair of large antennae on your head. (SInv)
Your four strong arms can wield two-handed weapons with a shield.


Message History

Your Armour skill gained 4 levels and is now at level 5!
Your Translocations skill gained 3 levels and is now at level 5!
You have reached level 2!
Okay, then.
Items here: [[[[[.
Things that are here:
a +5 executioner's axe; a +5 battleaxe; a +5 broad axe
Things that are here:
a +5 bardiche; a +5 demon trident
Items here: )))).
Things that are here:
a +5 quick blade; a +5 rapier; a +5 dagger
There is a viscous altar of Jiyva here.
You hover solemnly before the altar of Jiyva.
Jiyva welcomes you!
You hear a distant slurping noise. x14
You hear a distant slurping noise. x5
You hear a distant slurping noise.
You hear a distant slurping noise.
There is a transporter here.
Welcome to arena 1.
You enter the transporter and appear at another place.
A shadow imp and a Johu come into view.
Visions of slaying the shadow imp flood into your mind.
The shadow imp shouts!
Johu moans, "Submit, thou craven full-gorged whey-face!"
You hear a splash. x2
Found a wand of flame (6) and a staff of earth.
Found a transporter.
The shadow imp puffs mist at you. You block the shadow imp's attack.
PTOANNNG!
Visions of slaying Johu flood into your mind.
Johu pecks you but does no damage. Space warps horribly around you!!
Ouch! That really hurt!
* * * LOW HITPOINT WARNING * * *
The shadow imp gestures at you. Pain shoots through your body!
You die...
Jiyva sends a jelly to digest your remains.

▓▓▓▓▓▓▓
▓.ß©ß.▓
{{{
▓.....▓
▓.|./.▓
▓.@5..▓
▓..&..▓
▓..©..▓
▓▓▓▓▓▓▓
{{{ { {


You could see Johu (mesmerising) and a shadow imp.

Vanquished Creatures (others)
  A titan (shapeshifter) (D)
  2 entropy weavers (shapeshifter) (D)
  A great orb of eyes (D)
  An ironbound frostheart (D)
  2 two-headed ogres (shapeshifter) (D)
  A swamp dragon (shapeshifter) (D)
  A manticore (shapeshifter) (D)
  A troll (shapeshifter) (D)
  A jumping spider (shapeshifter) (D)
  A slime creature (D)
  A warg (shapeshifter) (D)
  A swamp worm (shapeshifter) (D)
14 creatures vanquished.

Notes
Turn   | Place    | Note
-------+----------+-------------------------------------------
     0 | D        | adelrune the Formicid Warper began the quest for the Orb.
     0 | D        | Reached XP level 1. HP: 16/16 MP: 3/3
     2 | D        | Found a blossoming altar of Fedhas.
     2 | D        | Found the +6 Majin-Bo {spellvamp, MP+6 Int+6}
     2 | D        | Found the +27 heavy crossbow "Sniper" {heavy, Acc+∞ SInv}
     2 | D        | Found the +10 dark maul {heavy}
     2 | D        | Found the +15 Maxwell's patent armour {-Cast -Tele rElec
                  | Will+ rCorr}
     2 | D        | Found the +18 shield of the Gong {Loud rN+ Will+ rCorr
                  | EV-5}
     2 | D        | Found the +16 obsidian axe {drain, demonic, Mesm ^Drain Fly
                  | SInv}
     2 | D        | Found the +7 great mace "Firestarter" {flame, immolate,
                  | rFlCloud rF++}
     2 | D        | Found the +6 shillelagh "Devastator" {shatter}
     2 | D        | Found the +11 plutonium sword {^Contam Stlth-}
     2 | D        | Found the +8 lance "Wyrmbane" {slay drac, rPois rF+ rC+
                  | AC+3}
     2 | D        | Found the +9 sword of Zonguldrok {reap}
     2 | D        | Found the +13 scythe of Curses {drain, curses, ^Drain}
     2 | D        | Found the +9 sword of Power {lifebolt}
     2 | D        | Found the +7 mace of Variability {chaos, chaos arc}
     2 | D        | Found the +11 Singing Sword {sonic wave}
     2 | D        | Found the +8 storm bow {elec, penet}
     3 | D        | Found a viscous altar of Jiyva.
     3 | D        | Found a hazy altar of Hepliaklqana.
     3 | D        | Found a transporter.
     3 | D        | Found an opulent altar of Gozag.
     3 | D        | Found an ancient bone altar of Kikubaaqudgha.
     3 | D        | Found a corrupted altar of Lugonu.
    15 | D        | Found a burning altar of Makhleb.
    16 | D        | Found a stormy altar of Qazlal.
    16 | D        | Found a sacrificial altar of Ru.
    16 | D        | Found an iron altar of Okawaru.
    16 | D        | Found a shimmering blue altar of Sif Muna.
    16 | D        | Found a sparkling altar of Nemelex Xobeh.
    16 | D        | Found a bloodstained altar of Trog.
    69 | D        | Reached skill level 5 in Armour
    69 | D        | Reached skill level 5 in Translocations
    69 | D        | Reached XP level 2. HP: 22/22 MP: 5/5
    84 | D        | Became a worshipper of Jiyva Jeiwaxo the Shapeless
    84 | D        | Killed a two-headed ogre
    84 | D        | Killed a titan
    84 | D        | Killed a warg
    85 | D        | Killed an entropy weaver
    85 | D        | Killed a swamp worm
    86 | D        | Killed a slime creature
    88 | D        | Killed an ironbound frostheart
    88 | D        | Killed a great orb of eyes
    89 | D        | Entered arena 2.
    89 | D        | Noticed Johu the pandemonium lord
    89 | D        | Killed a manticore
    89 | D        | Found a transporter.
    90 | D        | Killed a troll
    90 | D        | Killed a two-headed ogre
    90 | D        | Killed a jumping spider
    90 | D        | Killed a swamp dragon
    91 | D        | Killed an entropy weaver
    91 | D        | Killed from afar by a shadow imp

Illustrated notes

Levels and vault maps discovered:
D:        sprint_v [room_start, room_1, room_2, room_3, room_4, room_5, room_6,
          room_7, room_8, room_9, room_10, room_11, room_12, room_13, room_14,
          room_15, room_16, room_17, room_18, room_19, room_20, room_21,
          room_22, room_23, room_24, room_25, room_26, room_27]

Skill      XL: |  1 |
---------------+----+-----
Armour         | 5 |  5.7
Translocations | 5 |  5.5
Fighting       | |  2.1
Axes           | |  2.0
Throwing       | |  1.0
Dodging        | |  1.7
Spellcasting   | |  2.1

Action                     || total
---------------------------++-------
    Use: Potion            ||     1
 Armour: Fire dragon scale ||     1
  Block: Kite shield       ||     1

Table legend: (Time is in decaauts)
 A = Elapsed time spent in this place.
 B = Non-inter-level travel time spent in this place.
 C = Inter-level travel time spent in this place.
 D = Time resting spent in this place.
 E = Time spent auto-exploring this place.
 F = Levels seen in this place.
 G = Mean time per level.
                   A        B        C        D        E       F      G
               +--------+--------+--------+--------+--------+-----+--------+
         Total |     90 |     90 |      0 |      0 |      0 |   1 |   90.0 |
       Dungeon |     90 |     90 |      0 |      0 |      0 |   1 |   90.0 |
               +--------+--------+--------+--------+--------+-----+--------+

Top non-repeatable levels by time:
       D: 90 daAuts
